 Dungeon Crawl Stone Soup version 0.19.3-1-g3169bf9 (webtiles) character file.

2683 OrDronus the Jinx (level 9, 0/58 HPs)
             Began as a Vampire Enchanter on Jan 23, 2017.
             Was a Believer of Sif Muna.
             Slain by a hill giant
             ... wielding a +0 giant club
              (22 damage)
             ... on level 8 of the Dungeon.
             The game lasted 00:39:12 (8546 turns).

OrDronus the Jinx (Vampire Enchanter)               Turns: 8546, Time: 00:39:13

Health: 0/58       AC: 11    Str:  7    XL:     9   Next: 37%
Magic:  14/16      EV: 16    Int: 17    God:    Sif Muna [**....]
Gold:   396        SH:  0    Dex: 18    Spells: 6 memorised, 4 levels left

rFire  . . .     SeeInvis +     b - +4 dagger
rCold  . . .     Gourm    .     p - +1 robe
rNeg   + . .     Faith    .     (no shield)
rPois  .         Spirit   .     v - +0 helmet
rElec  .         Reflect  .     s - +0 cloak
rCorr  .         Harm     .     k - +1 pair of gloves
MR     .....                    (no boots)
Stlth  ++++......               (no amulet)
                                i - +2 ring of slaying
                                E - +4 ring of protection

@: repel missiles
A: fangs 3, see invisible, unbreathing
a: Bat Form, Divine Energy, Renounce Religion


You were on level 8 of the Dungeon.
You worshipped Sif Muna.
Sif Muna was pleased with you.
You were not thirsty.

You visited 2 branches of the dungeon, and saw 9 of its levels.

You collected 396 gold pieces.

Inventory:

Hand Weapons
 a - a +4 short sword of venom
 b - a +4 dagger (weapon)
 n - a +3 dagger
Missiles
 m - 8 javelins
 B - a throwing net (quivered)
 G - 38 poisoned needles
Armour
 k - a +1 pair of gloves (worn)
 p - a +1 robe (worn)
 s - a +0 cloak (worn)
 v - a +0 helmet (worn)
Jewellery
 h - a +3 ring of evasion
 i - a +2 ring of slaying (right hand)
 E - a +4 ring of protection (left hand)
Wands
 t - a wand of flame (18/48)
Scrolls
 j - 9 scrolls of identify
 o - a scroll of teleportation
 r - 2 scrolls of amnesia
 D - 2 scrolls of immolation
 F - a scroll of remove curse
 H - a scroll of random uselessness {unknown}
 J - a scroll of enchant armour {unknown}
 K - a scroll of fog {unknown}
 L - a scroll of blinking {unknown}
Potions
 d - 20 potions of blood
 e - 2 potions of lignification {unknown}
 f - 2 potions of degeneration {unknown}
 g - a potion of magic
 l - 3 potions of mutation {unknown}
 q - 2 potions of agility {unknown}
 u - 2 potions of heal wounds {unknown}
 w - a potion of resistance {unknown}
 x - 2 potions of curing {unknown}
 z - a potion of flight {unknown}
 A - 2 potions of cancellation {unknown}
 C - 2 potions of cure mutation {unknown}
Books
 c - a book of Maledictions

   Spells                             Type                      Level
   a - Corona                         Hexes                        1
   b - Ensorcelled Hibernation        Hexes/Ice                    2
   c - Confuse                        Hexes                        3
   d - Tukima's Dance                 Hexes                        3
   e - Dazzling Spray                 Conjuration/Hexes            3
 I - a book of Minor Magic

   Spells                             Type                      Level
   a - Magic Dart                     Conjuration                  1
   b - Blink                          Translocation                2
   c - Call Imp                       Summoning                    2
   d - Repel Missiles                 Charms/Air                   2
   e - Slow                           Hexes                        2
   f - Conjure Flame                  Conjuration/Fire             3
   g - Mephitic Cloud                 Conjuration/Poison/Air       3


   Skills:
 - Level 0.3 Fighting
 * Level 7.2 Short Blades
 + Level 5.4 Dodging
 + Level 8.5 Stealth
 + Level 4.7 Spellcasting
 * Level 10.6 Hexes
 + Level 2.1 Translocations


You had 4 spell levels left.
You knew the following spells:

 Your Spells              Type           Power        Failure   Level  Hunger
a - Corona                Hex            #####..      1%          1    None
b - Ensorcelled Hibernat  Hex/Ice        ###...       2%          2    #......
c - Confuse               Hex            #####...     1%          3    ###....
d - Blink                 Tloc           N/A          12%         2    #......
e - Repel Missiles        Chrm/Air       #.....       24%         2    #......
f - Tukima's Dance        Hex            #####...     1%          3    ###....


Dungeon Overview and Level Annotations

Branches:
Dungeon (8/15)             Temple (1/1) D:4
   Lair: D:8-11

Altars:
Ashenzari
Cheibriados
Dithmenos
Elyvilon
Gozag
Hepliaklqana
Kikubaaqudgha
Makhleb
Nemelex Xobeh
Okawaru
Qazlal
Ru
Sif Muna
Trog
Uskayaw
Vehumet
Xom
Yredelemnul
Zin
The Shining One

Shops:
D:7 :!?**

Annotations:
D:8 Jynx's ghost, novice DsIE


Innate Abilities, Weirdness & Mutations

You have razor-sharp teeth.
You have supernaturally acute eyesight. (SInv)
You can survive without breathing.


Message History

Confirm with . or Enter, or press ? or * to list all spells.
Aiming: Ensorcelled Hibernation
Press: ? - help, Shift-Dir - straight line, f/p - hill giant
Aim: a hill giant, wielding a giant club (chance to defeat MR: 34%)
The hill giant easily resists.
Casting: Ensorcelled Hibernation
Confirm with . or Enter, or press ? or * to list all spells.
Aiming: Ensorcelled Hibernation
Press: ? - help, Shift-Dir - straight line, f/p - hill giant
Aim: a hill giant, wielding a giant club (chance to defeat MR: 34%)
The hill giant easily resists.
The hill giant hits you with a giant club!!!
Ouch! That really hurt!
* * * LOW HITPOINT WARNING * * *
You hear a shout!
Found a scroll of identify.
Found a murky puce potion and a bread ration.
You fail to use your ability.
The hill giant hits you with a giant club!!
You die...

# #. .. ... ###.....
####### ..#....
.......######.#...###
######.....#.#... #.
#..@C.####.#.#..###.
#.####...#.#.#......
#.#...##.#.#.#...##.
#.#.## #.#.#.#..####
#.#.#%!?#.#.#.#.# #
#.#.#.#$##.#.#.#.#
#.#.#.##..†#.#.#.#
#.#.#[..####.#.#.#
#.#.####.....#.#.#


You could see a hill giant.

Vanquished Creatures
  A hippogriff (D:7)
  A spriggan (D:7)
  A hungry ghost (D:7)
  A black bear (D:5)
  An ice beast (D:8)
  3 orc warriors (D:6)
  A phantom (D:7)
  An ogre (D:6)
  A bullfrog (D:8)
  A scorpion (D:4)
  4 howler monkeys
  9 wights (D:7)
  2 bullfrog zombies (D:5)
  2 jellies (D:7)
  2 hounds
  2 centaur zombies (D:7)
  Crazy Yiuf (D:2)
  3 orc wizards
  2 orc priests (D:6)
  2 bullfrog skeletons
  Ijyb (D:1)
  3 iguanas
  3 worker ants
  A hound zombie (D:5)
  A worker ant zombie (D:5)
  Robin (D:2)
  3 gnolls (D:7)
  11 adders
  An adder zombie (D:8)
  2 worms
  2 dart slugs
  2 leopard geckos
  16 orcs
  7 giant cockroaches
  12 goblins
  8 hobgoblins
  12 jackals
  2 quokkas
  A ball python (D:1)
  4 bats
  7 frilled lizards
  A jackal skeleton (D:7)
  3 kobolds
  A quokka skeleton (D:7)
  A quokka zombie (D:6)
  9 rats
156 creatures vanquished.

Notes
Turn   | Place    | Note
-------+----------+-------------------------------------------
     0 | D:1      | OrDronus the Vampire Enchanter began the quest for the Orb.
     0 | D:1      | Reached XP level 1. HP: 13/13 MP: 3/3
   495 | D:1      | Reached XP level 2. HP: 19/19 MP: 5/5
   525 | D:1      | Reached skill level 5 in Hexes
   658 | D:1      | Learned a level 2 spell: Ensorcelled Hibernation
  1576 | D:2      | Reached XP level 3. HP: 22/25 MP: 4/6
  1625 | D:2      | Reached skill level 5 in Stealth
  1646 | D:2      | Noticed Ijyb
  1653 | D:1      | Killed Ijyb
  1694 | D:2      | Reached XP level 4. HP: 26/31 MP: 5/7
  1900 | D:2      | Learned a level 3 spell: Confuse
  2432 | D:2      | Found a runed door.
  2653 | D:2      | Noticed Crazy Yiuf
  2657 | D:2      | Killed Crazy Yiuf
  2705 | D:3      | Noticed Robin
  2813 | D:2      | Killed Robin
  2813 | D:2      | Reached XP level 5. HP: 25/36 MP: 0/8
  3065 | D:3      | Found a shimmering altar of Xom.
  3202 | D:3      | Found an opulent altar of Gozag.
  3237 | D:3      | Found a sparkling altar of Nemelex Xobeh.
  3306 | D:3      | Found a shattered altar of Ashenzari.
  3586 | D:4      | Found a hide-covered altar of Uskayaw.
  3677 | D:4      | Reached skill level 6 in Hexes
  3820 | D:4      | Found a staircase to the Ecumenical Temple.
  3825 | Temple   | Entered the Ecumenical Temple
  3971 | Temple   | Became a worshipper of Sif Muna the Loreminder
  4191 | D:4      | Reached XP level 6. HP: 42/42 MP: 8/10
  4445 | D:4      | Found a bloodstained altar of Trog.
  4490 | D:5      | Entered Level 5 of the Dungeon
  4833 | D:5      | Reached skill level 7 in Hexes
  4988 | D:5      | Reached XP level 7. HP: 45/47 MP: 0/11
  5830 | D:6      | Reached skill level 5 in Short Blades
  5846 | D:6      | Reached skill level 8 in Hexes
  6023 | D:6      | Found a shadowy altar of Dithmenos.
  6063 | D:6      | Found an ancient bone altar of Kikubaaqudgha.
  6196 | D:6      | Reached XP level 8. HP: 53/53 MP: 10/13
  6209 | D:6      | Reached * piety under Sif Muna
  6480 | D:6      | Found a white marble altar of Elyvilon.
  6584 | D:7      | Found Neorop's Book Shop.
  6637 | D:7      | Found Lestro's Assorted Antiques.
  6686 | D:7      | Learned a level 2 spell: Blink
  6689 | D:7      | Learned a level 2 spell: Repel Missiles
  6695 | D:7      | Learned a level 3 spell: Tukima's Dance
  6817 | D:7      | Found Wicommor's Distillery.
  6859 | D:7      | Reached skill level 9 in Hexes
  7086 | D:7      | Reached skill level 1 in Translocations
  7304 | D:7      | Noticed a hippogriff
  7385 | D:7      | Killed a hippogriff
  7385 | D:7      | Reached skill level 5 in Dodging
  7574 | D:7      | Found Jemanumn's Magic Scroll Shoppe.
  7640 | D:7      | Reached XP level 9. HP: 47/58 MP: 12/15
  7699 | D:7      | Reached skill level 10 in Hexes
  7759 | D:7      | Reached ** piety under Sif Muna
  8207 | D:7      | Found Dabouxt's General Store.
  8302 | D:8      | Noticed Jynx's ghost (novice DsIE)
  8497 | D:8      | Noticed a hill giant
  8546 | D:8      | Slain by a hill giant

Skill      XL: |  1  2  3  4  5  6  7  8  9 |
---------------+----------------------------+-----
Hexes          | 5 6 7 8 9 10 | 10.6
Stealth        | 5 6 7 8 |  8.5
Short Blades   | 2 3 4 5 6 7 |  7.2
Dodging        | 3 4 5 |  5.4
Spellcasting   | 3 4 |  4.7
Translocations | 1 2 |  2.1
Fighting       | |  0.3

Action                   |  1- 3 |  4- 6 |  7- 9 || total
-------------------------+-------+-------+-------++-------
Melee: Dagger            |    92 |   128 |   175 ||   395
       Bite              |     6 |     5 |    20 ||    31
 Cast: Corona            |    23 |    29 |    21 ||    73
       Ensorcelled Hiber |     2 |    16 |    53 ||    71
       Confuse           |       |     3 |    26 ||    29
       Repel Missiles    |       |       |     1 ||     1
  Use: Potion            |     2 |    10 |    11 ||    23
       Scroll            |       |       |     6 ||     6
 Stab: Sleeping          |     8 |    26 |    37 ||    71
       Confused          |       |     2 |    12 ||    14
       Distracted        |       |     1 |     2 ||     3
Armor: Robe              |    14 |    36 |    28 ||    78
Dodge: Dodged            |    47 |    84 |    95 ||   226
